 Dungeon Crawl Stone Soup version 0.26-a0-84-g8c18429211 (webtiles) character file.

Game seed: 18317422054138627288

5035 MarredHen the Quickloader (level 10, -6/68 HPs)
             Began as a Kobold Hunter on June 18, 2020.
             Was an Initiate of Gozag.
             Mangled by a cyclops (11 damage)
             ... on level 9 of the Dungeon.
             The game lasted 00:27:34 (11313 turns).

MarredHen the Quickloader (Kobold Hunter)          Turns: 11313, Time: 00:27:37

Health: -6/68      AC: 13    Str:  7 (9)  XL:     10   Next: 85%
Magic:  0/10       EV: 18    Int: 18 (19) God:    Gozag
Gold:   346        SH:  0    Dex: 17 (19) Spells: 9/9 levels left

rFire    . . .     SeeInvis .   a - +2 hand crossbow
rCold    + . .     Gourm    .   (shield restricted)
rNeg     . . .     Faith    .   e - +5 ring mail {rC+}
rPois    .         Spirit   +   p - +0 helmet
rElec    .         Reflect  .   i - +0 cloak
rCorr    .         Harm     .   (no gloves)
MR       .....                  h - +0 pair of boots
Stlth    +.........             c - amulet of guardian spirit
HPRegen  0.21/turn              n - ring of flight
MPRegen  0.12/turn              G - +6 ring of intelligence

@: brilliant, flying
A: small, carnivore
a: Potion Petition, Call Merchant, Bribe Branch, Renounce Religion


You were on level 9 of the Dungeon.
You worshipped Gozag.
Gozag was aware of your devotion.
You were not hungry.

You visited 2 branches of the dungeon, and saw 10 of its levels.

You collected 751 gold pieces.
You spent 283 gold pieces at shops.
You paid 122 gold pieces to Gozag.

Inventory:

Hand Weapons
 a - a +2 hand crossbow (weapon)
 b - a +0 short sword
 o - a +6 spear of flaming
 H - the cursed +0 quarterstaff "Concordance" {vorpal, rC+ Int-5 Dex+3 Stlth+, unknown}
   (You found it on level 8 of the Dungeon)

   It inflicts extra damage upon your enemies.
   It affects your intelligence (-5).
   It affects your dexterity (+3).
   It protects you from cold.
   It makes you more stealthy.
   It has a curse placed upon it.
Missiles
 d - 80 bolts (quivered)
Armour
 e - a +5 ring mail of cold resistance (worn)
 h - a +0 pair of boots (worn)
 i - a +0 cloak (worn)
 p - a +0 helmet (worn)
 v - +0 steam dragon scales
 I - +0 swamp dragon scales
Jewellery
 c - an amulet of guardian spirit (around neck)
 n - a ring of flight (left hand)
 u - an uncursed ring of protection from cold
 y - an uncursed amulet of magic regeneration
 G - a +6 ring of intelligence (right hand)
Wands
 j - a wand of flame (13)
 x - a wand of digging (5)
 C - a wand of paralysis (11)
 E - a wand of iceblast (6)
Scrolls
 l - 4 scrolls of amnesia
 m - a scroll of fog {unknown}
 t - a scroll of random uselessness {unknown}
 J - a scroll of identify
Potions
 g - 2 potions of brilliance
 k - 3 potions of flight
 q - a potion of cancellation
 s - a potion of ambrosia
 w - 2 potions of might
 z - a potion of stabbing
 B - a potion of curing
 F - 2 potions of degeneration
Comestibles
 f - 20 rations


   Skills:
 + Level 9.9 Fighting
 + Level 11.4 Crossbows
 + Level 10.7 Dodging
 - Level 1.3 Stealth


You had 9 spell levels left.
You didn't know any spells.
Your spell library contained the following spells:

 Spells                   Type           Power        Failure   Level  Hunger
 Freeze                   Ice            #...         61%         1    None
 Magic Dart               Conj           #...         61%         1    None
 Blink                    Tloc           N/A          75%         2    None
 Call Imp                 Summ           #.......     75%         2    None
 Slow                     Hex            #.......     75%         2    None
 Conjure Flame            Conj/Fire      #.......     93%         3    None
 Frozen Ramparts          Ice            #.....       93%         3    None
 Mephitic Cloud           Conj/Pois/Air  #.......     93%         3    None
 Ozocubu's Armour         Chrm/Ice       #.......     93%         3    None
 Hailstorm                Conj/Ice       #.......     100%        4    None
 Summon Ice Beast         Ice/Summ       #.......     100%        4    None


Dungeon Overview and Level Annotations

Branches:
Dungeon (9/15)             Temple (1/1) D:7
   Lair: D:8-11         Orc: D:9-12

Altars:
Ashenzari
Cheibriados
Dithmenos
Elyvilon
Fedhas
Gozag
Hepliaklqana
Kikubaaqudgha
Makhleb
Nemelex Xobeh
Okawaru
Qazlal
Ru
Sif Muna
Trog
Uskayaw
Wu Jian
Xom
Yredelemnul
Zin
The Shining One

Shops:
D:4 ?%   D:8 *

Annotations:
D:8 2 transporters


Innate Abilities, Weirdness & Mutations

You are small and have problems with some larger weapons.
You are carnivorous and can eat meat at any time.


Message History

The yak completely misses you.
The cyclops throws a large rock.
The large rock hits you!!
* * * LOW HITPOINT WARNING * * *
The yak completely misses you.
You see here a large rock.
The cyclops hits you but does no damage.
The yak gores you but does no damage. The cyclops hits you!
* * * LOW HITPOINT WARNING * * *
You feel better. The yak gores you but does no damage.
You feel better. The cyclops hits you!
* * * LOW HITPOINT WARNING * * *
The crimson imp blinks!
As you read the scroll labeled CIZAIMP HOPUOX, it crumbles to dust.
You feel blessed for a moment.
It was a scroll of remove curse.
The yak gores you!
* * * LOW HITPOINT WARNING * * *
The yak completely misses you.
The crimson imp blinks!
The cyclops hits you!
You die...
Your body crumbles into a pile of gold.

##..### #...###
##...###.....##
##...##...(..##
##..####.((..#
##.## ###...##
#..#
#..5.######
#^##
##.Y.......
##.# #CYY..####
#..# #.@Y.##
##.## #...##
#..## #...#
##..## ##...# #
##..## #...## #
##..####...# #
##...##...# #
#.......##
...## #
##.....##
#....#


You could see a cyclops, 4 yaks and a crimson imp.

Vanquished Creatures
  Harold (D:9)
  Maggie (D:9)
  Prince Ribbit (D:7)
  A hippogriff (D:8)
  Sigmund (D:5)
  2 steam dragons (D:7)
  5 orc warriors
  An ice beast (D:7)
  A black bear (D:8)
  3 centaurs
  5 ogres
  5 bullfrogs
  A wyvern zombie (D:6)
  A water moccasin skeleton (D:7)
  A scorpion (D:4)
  6 killer bees (D:8)
  4 howler monkeys
  A bullfrog zombie (D:7)
  A crimson imp (D:8)
  A quasit (D:3)
  A centaur zombie (D:5)
  A centaur skeleton (D:6)
  3 jellies
  2 hounds
  2 orc priests
  Jessica (D:2)
  Terence (D:2)
  Ijyb (D:5)
  3 orc wizards
  8 worker ants
  A worker ant zombie (D:5)
  Robin (D:2)
  4 gnolls
  21 adders
  5 shadow imps
  4 oozes
  2 adder skeletons (D:4)
  2 worms
  5 leopard geckos
  21 orcs
  6 bats
  A bat zombie (D:3)
  4 giant cockroaches
  10 hobgoblins
  10 jackals
  6 kobolds
  4 quokkas
  3 ball pythons
  4 frilled lizards
  18 goblins
  A quokka skeleton (D:4)
  9 rats
  3 rat zombies (D:3)
211 creatures vanquished.

Vanquished Creatures (others)
  A fungus (D:7)
1 creature vanquished.

Grand Total: 212 creatures vanquished

Notes
Turn   | Place    | Note
-------+----------+-------------------------------------------
     0 | D:1      | MarredHen the Kobold Hunter began the quest for the Orb.
     0 | D:1      | Reached XP level 1. HP: 12/12 MP: 1/1
   370 | D:1      | Reached XP level 2. HP: 18/18 MP: 2/2
   373 | D:1      | Reached skill level 5 in Crossbows
   928 | D:2      | Reached XP level 3. HP: 22/22 MP: 3/3
   988 | D:2      | Noticed Terence
  1006 | D:2      | Killed Terence
  1006 | D:2      | Reached XP level 4. HP: 9/28 MP: 4/4
  1446 | D:2      | Noticed Robin
  1447 | D:2      | Reached XP level 5. HP: 32/32 MP: 5/5
  1452 | D:2      | Killed Robin
  1563 | D:2      | Noticed Jessica
  1565 | D:2      | Killed Jessica
  1797 | D:2      | Reached skill level 6 in Crossbows
  2235 | D:3      | Reached XP level 6. HP: 38/38 MP: 6/6
  2415 | D:3      | Found an ancient bone altar of Kikubaaqudgha.
  3158 | D:4      | Reached skill level 5 in Dodging
  3200 | D:4      | Noticed an ogre
  3208 | D:4      | Killed an ogre
  3208 | D:4      | Reached XP level 7. HP: 44/44 MP: 7/7
  3218 | D:4      | Reached skill level 5 in Fighting
  3419 | D:4      | Reached skill level 7 in Crossbows
  3546 | D:4      | Found a burning altar of Makhleb.
  3831 | D:4      | Found Wael's Food Emporium.
  4142 | D:4      | Found Ynulloam's Magic Scroll Emporium.
  4147 | D:4      | Bought a scroll of identify for 28 gold pieces
  4147 | D:4      | Bought a scroll of enchant armour for 105 gold pieces
  4147 | D:4      | Bought a scroll of enchant weapon for 105 gold pieces
  4225 | D:4      | Reached XP level 8. HP: 41/50 MP: 8/8
  4464 | D:5      | Entered Level 5 of the Dungeon
  4729 | D:5      | Noticed Ijyb
  4735 | D:5      | Killed Ijyb
  4933 | D:5      | Noticed Sigmund
  4947 | D:5      | Killed Sigmund
  5211 | D:5      | Reached skill level 8 in Crossbows
  5482 | D:5      | Found a sparkling altar of Nemelex Xobeh.
  6397 | D:6      | Reached XP level 9. HP: 29/56 MP: 9/9
  6751 | D:6      | Found Tatenifi's General Store.
  7298 | D:6      | Reached skill level 9 in Crossbows
  7592 | D:7      | Found a staircase to the Ecumenical Temple.
  8075 | Temple   | Entered the Ecumenical Temple
  8418 | D:7      | Found a shattered altar of Ashenzari.
  8735 | D:7      | Noticed Prince Ribbit
  8744 | D:7      | Reached skill level 10 in Crossbows
  8766 | D:7      | Killed Prince Ribbit
  8766 | D:7      | Reached XP level 10. HP: 22/65 MP: 4/10
  9080 | D:7      | Found an ornate altar of the Wu Jian Council.
  9325 | Temple   | Became a worshipper of Gozag Ym Sagoz the Greedy
  9581 | D:8      | Found a transporter.
  9587 | D:8      | Found a stormy altar of Qazlal.
  9588 | D:8      | Noticed a guardian serpent
  9683 | D:8      | Found Wikih's Assorted Antiques.
  9691 | D:8      | Bought a scroll labeled CIZAIMP HOPUOX for 24 gold pieces
  9691 | D:8      | Bought a fizzy dark potion for 21 gold pieces
  9803 | D:8      | Reached skill level 10 in Dodging
  9885 | D:8      | Found a transporter.
  9891 | D:8      | Noticed a salamander
  9891 | D:8      | a queen bee changed into a salamander
 10038 | D:8      | Reached skill level 11 in Crossbows
 10488 | D:8      | Found a hazy altar of Hepliaklqana.
 10527 | D:8      | Got an iridescent quarterstaff
 10564 | D:9      | Noticed a cyclops
 10575 | D:8      | Noticed a death yak
 10578 | D:8      | Noticed a minotaur
 10578 | D:8      | a death yak changed into a minotaur
 10581 | D:9      | Noticed Maggie
 10581 | D:9      | Noticed Harold
 10609 | D:9      | Killed Maggie
 10615 | D:9      | Killed Harold
 11313 | D:9      | Mangled by a cyclops

Illustrated notes

Levels and vault maps discovered:
D:1:      tarquinn_simple_flora_water_e, layout_loops_corners, serial_glass,
          glass_columns_a, glass_columns_c, item_on_display_a,
          grunt_decor_mini_mirrors
D:2:      layout_basic, serial_forest, infiniplex_forest_clump_curved,
          infiniplex_forest_straight_2, infiniplex_forest_clump_long,
          infiniplex_forest_end_2, infiniplex_forest_clump_small,
          infiniplex_forest_straight_4, infiniplex_forest_clump_cross,
          first_ration, cheibrodos_gnoll_hut, uniq_jessica, uniq_terence,
          uniq_robin
D:3:      layout_loops_cross, lemuel_zombie_altar_kikubaaqudgha
D:4:      minmay_recursive_quarters, layout_gridville, lemuel_doored_altar,
          serial_shops, kennysheep_little_box, nicolae_shop_stone,
          roderic_cross_of_infinity, minmay_cut_off
D:5:      layout_layer_cave, kennysheep_mini, uniq_ijyb, uniq_sigmund
D:6:      layout_layer_cave, serial_shops, shop, corner_web_ring,
          minmay_misc_feat_iff, nrook_campfire, grunt_tough_drop
D:7:      kennysheep_steamy, layout_cave_pods, evilmike_ruin_ashenzari,
          minmay_temple_entry_waves, basic_altar, uniq_prince_ribbit1
D:8:      layout_loops_ring, gammafunk_temple_overflow_arena,
          nicolae_overflow_hidden_temple, serial_shops, shop,
          minmay_crystal_room
D:9:      layout_layer_cave, uniq_maggie, uniq_harold
Temple:   lightli_temple_of_artemis

Skill      XL: |  1  2  3  4  5  6  7  8  9 10 |
---------------+-------------------------------+-----
Crossbows      | 5 6 7 8 10 11 | 11.4
Fighting       | 3 4 5 6 8 9 |  9.9
Dodging        | 3 4 5 6 7 9 10 | 10.7
Stealth        | |  1.3

Action                   |  1- 3 |  4- 6 |  7- 9 | 10-12 || total
-------------------------+-------+-------+-------+-------++-------
Melee: Short sword       |       |    13 |       |       ||    13
       Spear             |       |       |    97 |    38 ||   135
 Fire: Hand crossbow     |    55 |   191 |   280 |   127 ||   653
  Use: Scroll            |     2 |     4 |    13 |     4 ||    23
       Potion            |       |       |     4 |    11 ||    15
  Eat: Chunk             |     2 |    11 |    16 |     3 ||    32
Armor: Leather armour    |     3 |    33 |    11 |       ||    47
       Ring mail         |       |       |    35 |    19 ||    54
Dodge: Dodged            |     7 |    91 |   224 |    82 ||   404

Table legend:
 A = Non-vault XP
 B = Vault XP
 C = Vault XP percentage of total XP
 D = Non-vault monster count
 E = Vault monster count
 F = Vault count percentage of total count
                 A         B        C        D         E       F
            +---------+---------+-------+---------+---------+-------
      Total |    4650 |    2543 |  35.4 |     176 |      35 |  16.6
            +---------+---------+-------+---------+---------+-------
        D:1 |      20 |       0 |   0.0 |      13 |       0 |   0.0
        D:2 |      91 |     127 |  58.3 |      25 |      17 |  40.5
        D:3 |     170 |       5 |   2.9 |      28 |       4 |  12.5
        D:4 |     542 |      87 |  13.8 |      26 |       5 |  16.1
        D:5 |     311 |     253 |  44.9 |      13 |       2 |  13.3
        D:6 |     615 |     171 |  21.8 |      17 |       2 |  10.5
        D:7 |    1350 |     589 |  30.4 |      25 |       3 |  10.7
        D:8 |    1308 |       0 |   0.0 |      23 |       0 |   0.0
        D:9 |     243 |    1311 |  84.4 |       6 |       2 |  25.0
            +---------+---------+-------+---------+---------+-------
